 Dungeon Crawl Stone Soup version 0.29-a0-284-gf9362112df (webtiles) character file.

Game seed: 10021164909713948385

1187 epen the Archer (level 8, -5/64 HPs)
             Began as a Gnoll Hunter on Mar 14, 2022.
             Slain by an unseen horror (6 damage)
             ... on level 5 of the Dungeon.
             The game lasted 00:05:42 (3876 turns).

epen the Archer (Gnoll Hunter)                      Turns: 3876, Time: 00:05:43

Health: -5/64      AC: 12    Str: 11    XL:     8   Next: 43%
Magic:  12/12      EV: 13    Int:  9    God:
Gold:   223        SH:  0    Dex: 17    Spells: 13/13 levels left

rFire   + . .      SeeInvis .   a - +1 shortbow
rCold   . . .      Faith    .   (shield currently unavailable)
rNeg    . . .      Spirit   .   j - +2 ring mail {rF+}
rPois   .          Reflect  .   e - +0 helmet
rElec   .          Harm     .   x - +1 cloak
rCorr   .          Rampage  .   (no gloves)
Will    +....                   q - +0 pair of boots
Stlth   ++........              p - amulet of the acrobat
HPRegen 0.20/turn               l - ring of willpower
MPRegen 0.13/turn               (no ring)

@: hasted, very quick
A: fangs 1, strong nose, distributed training
a: no special abilities


You were on level 5 of the Dungeon.
You visited 1 branch of the dungeon, and saw 5 of its levels.

You collected 273 gold pieces.
You spent 50 gold pieces at shops.

Inventory:

Hand Weapons
 a - a +1 shortbow (weapon)
Armour
 b - a +0 leather armour
 e - a +0 helmet (worn)
 j - a +2 ring mail of fire resistance (worn)
 q - a +0 pair of boots (worn)
 x - a +1 cloak (worn)
Jewellery
 l - a ring of willpower (left hand)
 p - an amulet of the acrobat (around neck)
Wands
 w - a wand of flame (15)
 y - a wand of iceblast (2)
Scrolls
 c - 3 scrolls of immolation
 f - a scroll of noise
 u - a scroll of identify {unknown}
Potions
 d - a potion of ambrosia {unknown}
 g - 3 potions of invisibility {unknown}
 h - a potion of resistance {unknown}
 k - a potion of might {unknown}
 m - 2 potions of flight {unknown}
 o - 3 potions of mutation {unknown}
 s - a potion of curing {unknown}
 v - a potion of degeneration {unknown}


   Skills:
 + Level 5.7 Fighting
 + Level 3.2 Short Blades
 + Level 3.2 Long Blades
 + Level 3.2 Axes
 + Level 3.2 Maces & Flails
 + Level 3.2 Polearms
 + Level 3.2 Staves
 + Level 3.2 Slings
 + Level 9.2 Bows
 + Level 3.2 Crossbows
 + Level 3.2 Throwing
 + Level 3.2 Armour
 + Level 5.7 Dodging
 + Level 4.1 Stealth
 + Level 3.2 Shields
 + Level 3.2 Unarmed Combat
 + Level 3.2 Spellcasting
 + Level 2.6 Conjurations
 + Level 2.6 Hexes
 + Level 2.6 Summonings
 + Level 2.6 Necromancy
 + Level 2.6 Translocations
 + Level 2.6 Transmutations
 + Level 2.6 Fire Magic
 + Level 2.6 Ice Magic
 + Level 2.6 Air Magic
 + Level 2.6 Earth Magic
 + Level 2.6 Poison Magic
 + Level 3.6 Invocations
 + Level 3.2 Evocations


You had 13 spell levels left.
You didn't know any spells.
Your spell library was empty.

Dungeon Overview and Level Annotations

Branches:
Dungeon (5/15)
 Temple: D:4-7

Altars:
Trog

Shops:
D:1 =[((   D:2 !   D:4 :


Innate Abilities, Weirdness & Mutations

You have very sharp teeth.
Your uncanny sense of smell can sniff out nearby items.
Your experience applies equally to all skills.


Message History

Something hits you.
Shoot: a) +1 shortbow
Press: ? - help, Shift-Dir - straight line, f - gnoll
Aim: a gnoll, wielding a +0 flail (severely wounded, 70% to hit)
You shoot an arrow. The arrow hits the gnoll!
You kill the gnoll!
Something hits you!
* * * LOW HITPOINT WARNING * * *
Shoot: a) +1 shortbow
Press: ? - help, Shift-Dir - straight line, f - you Really target yourself?
Shoot: a) +1 shortbow
Press: ? - help, Shift-Dir - straight line You shoot an arrow.
Something hits you but does no damage. x2
Shoot: a) +1 shortbow
Press: ? - help, Shift-Dir - straight line You shoot an arrow.
Something hits you.
* * * LOW HITPOINT WARNING * * *
Shoot: a) +1 shortbow
Press: ? - help, Shift-Dir - straight line You shoot an arrow.
Something hits you but does no damage. Something hits you.
* * * LOW HITPOINT WARNING * * *
Shoot: a) +1 shortbow
Press: ? - help, Shift-Dir - straight line You shoot an arrow.
Something hits you.
* * * LOW HITPOINT WARNING * * *
Shoot: a) +1 shortbow
Press: ? - help, Shift-Dir - straight line You shoot an arrow.
Something hits you but does no damage. x2
Shoot: a) +1 shortbow
Press: ? - help, Shift-Dir - straight line You shoot an arrow.
Something hits you but does no damage.
Shoot: a) +1 shortbow
Press: ? - help, Shift-Dir - straight line You shoot an arrow.
Something hits you!
* * * LOW HITPOINT WARNING * * *
Shoot: a) +1 shortbow
Press: ? - help, Shift-Dir - straight line You shoot an arrow.
Something hits you.
You die...

#....................#.........##
............>...##...#.........#
..........###........#.........
..........# #####..............
..........# ####..........#
..........# ###...##.##....
#.....<..## #.........###.#
##......## #####.........###..
######## #.@.))<(...........
#.###..........##.. ...
#.............. ..###
#.............. ...
..(....?......... ..∆
.....#.##......... #
........##.........
.......###......... .......
#.........


There were no monsters in sight!

Vanquished Creatures
  Grinder (D:5)
  Sigmund (D:4)
  Edmund (D:5)
  3 ice beasts (D:5)
  A phantom (D:5)
  2 hounds (D:5)
  A jelly (D:4)
  Crazy Yiuf (D:4)
  An orc wizard (D:5)
  2 iguanas (D:4)
  3 adders
  4 gnolls (D:5)
  An ufetubus (D:5)
  2 worms
  3 dart slugs
  8 orcs
  12 ball pythons
  3 bats
  9 endoplasms
  2 giant cockroaches
  8 goblins
  5 hobgoblins
  3 quokkas
  2 frilled lizards
  7 kobolds
  6 rats
92 creatures vanquished.

Vanquished Creatures (others)
  A plant (D:5)
1 creature vanquished.

Grand Total: 93 creatures vanquished

Notes
Turn   | Place    | Note
-------+----------+-------------------------------------------
     0 | D:1      | epen the Gnoll Hunter began the quest for the Orb.
     0 | D:1      | Reached XP level 1. HP: 20/20 MP: 1/1
    86 | D:1      | Found Eripsen's Weapon Emporium.
   179 | D:1      | Found Giskad's Antique Weapon Shoppe.
   191 | D:1      | Reached XP level 2. HP: 26/26 MP: 2/2
   261 | D:1      | Found a faded altar of an unknown god.
   381 | D:1      | Found Xonwez's Antique Armour Shop.
   475 | D:1      | Found Teeg's Jewellery Boutique.
   844 | D:2      | Reached XP level 3. HP: 29/31 MP: 3/3
  1125 | D:2      | Reached skill level 1 in Invocations
  1189 | D:2      | Found Ytwex's Distillery.
  1199 | D:2      | Bought a potion of heal wounds for 50 gold pieces
  1365 | D:2      | Reached skill level 1 in Short Blades
  1365 | D:2      | Reached skill level 1 in Long Blades
  1365 | D:2      | Reached skill level 1 in Axes
  1365 | D:2      | Reached skill level 1 in Maces & Flails
  1365 | D:2      | Reached skill level 1 in Polearms
  1365 | D:2      | Reached skill level 1 in Staves
  1365 | D:2      | Reached skill level 1 in Slings
  1365 | D:2      | Reached skill level 1 in Crossbows
  1365 | D:2      | Reached skill level 1 in Throwing
  1365 | D:2      | Reached skill level 1 in Armour
  1365 | D:2      | Reached skill level 1 in Shields
  1365 | D:2      | Reached skill level 1 in Unarmed Combat
  1365 | D:2      | Reached skill level 1 in Spellcasting
  1365 | D:2      | Reached skill level 1 in Evocations
  1448 | D:3      | Reached XP level 4. HP: 38/38 MP: 5/5
  1572 | D:3      | Found a bloodstained altar of Trog.
  1839 | D:4      | Noticed Sigmund
  1848 | D:4      | Killed Sigmund
  1849 | D:4      | Reached skill level 1 in Conjurations
  1849 | D:4      | Reached skill level 1 in Hexes
  1849 | D:4      | Reached skill level 1 in Summonings
  1849 | D:4      | Reached skill level 1 in Necromancy
  1849 | D:4      | Reached skill level 1 in Translocations
  1849 | D:4      | Reached skill level 1 in Transmutations
  1849 | D:4      | Reached skill level 1 in Fire Magic
  1849 | D:4      | Reached skill level 1 in Ice Magic
  1849 | D:4      | Reached skill level 1 in Air Magic
  1849 | D:4      | Reached skill level 1 in Earth Magic
  1849 | D:4      | Reached skill level 1 in Poison Magic
  1849 | D:4      | Reached XP level 5. HP: 39/43 MP: 5/7
  1849 | D:4      | Reached XP level 6. HP: 45/50 MP: 5/8
  1927 | D:4      | Found Pakk's Book Emporium.
  2146 | D:4      | Reached skill level 5 in Fighting
  2146 | D:4      | Reached skill level 5 in Dodging
  2406 | D:4      | Found a runed translucent door.
  2407 | D:4      | Noticed Crazy Yiuf
  2449 | D:4      | Killed Crazy Yiuf
  2596 | D:5      | Entered Level 5 of the Dungeon
  2643 | D:5      | Noticed an ice beast
  2654 | D:5      | Killed an ice beast
  2655 | D:5      | Reached XP level 7. HP: 40/56 MP: 10/10
  2794 | D:5      | Noticed Grinder
  2822 | D:5      | Killed Grinder
  2823 | D:5      | Reached skill level 9 in Bows
  2823 | D:5      | Reached XP level 8. HP: 31/63 MP: 10/12
  2824 | D:5      | Noticed Edmund
  2970 | D:5      | Killed Edmund
  3875 | D:5      | HP: 1/64 [something (8)]
  3876 | D:5      | Slain by an unseen horror

Illustrated notes

Levels and vault maps discovered:
D:1:      ncdulo_watergridlock, layout_basic,
          hellmonk_ecumenical_altar_lost_god, serial_shops,
          nicolae_shop_bloodbath_and_beyond, nicolae_shop_behind_doors,
          nicolae_shop_behind_doors, nicolae_shop_behind_doors, minivault_4,
          kennysheep_flooded_box, st_stairs_12, minmay_hexomino_f4
D:2:      layout_basic, serial_shops, nicolae_shop_trees
D:3:      layout_rooms, mainiacjoe_overflow_concentric_impassable,
          kennysheep_donut
D:4:      layout_rooms, serial_shops, shop, uniq_sigmund,
          uniq_crazy_yiuf_cottage
D:5:      layout_rooms, saegor_snake_ambush, uniq_grinder, uniq_edmund

Skill      XL: |  1  2  3  4  5  6  7  8 |
---------------+-------------------------+-----
Invocations    | 1 2 3 |  3.6
Short Blades   | 1 2 3 |  3.2
Long Blades    | 1 2 3 |  3.2
Axes           | 1 2 3 |  3.2
Maces & Flails | 1 2 3 |  3.2
Polearms       | 1 2 3 |  3.2
Staves         | 1 2 3 |  3.2
Slings         | 1 2 3 |  3.2
Crossbows      | 1 2 3 |  3.2
Throwing       | 1 2 3 |  3.2
Armour         | 1 2 3 |  3.2
Shields        | 1 2 3 |  3.2
Unarmed Combat | 1 2 3 |  3.2
Spellcasting   | 1 2 3 |  3.2
Evocations     | 1 2 3 |  3.2
Stealth        | 3 4 |  4.1
Conjurations   | 1 2 |  2.6
Hexes          | 1 2 |  2.6
Summonings     | 1 2 |  2.6
Necromancy     | 1 2 |  2.6
Translocations | 1 2 |  2.6
Transmutations | 1 2 |  2.6
Fire Magic     | 1 2 |  2.6
Ice Magic      | 1 2 |  2.6
Air Magic      | 1 2 |  2.6
Earth Magic    | 1 2 |  2.6
Poison Magic   | 1 2 |  2.6
Fighting       | 5 |  5.7
Dodging        | 5 |  5.7
Bows           | 9 |  9.2

Action                   |  1- 3 |  4- 6 |  7- 9 || total
-------------------------+-------+-------+-------++-------
Melee: Unarmed           |       |     8 |       ||     8
       Bite              |       |     1 |       ||     1
       Shortbow          |       |       |     1 ||     1
 Fire: Shortbow          |    79 |    90 |   147 ||   316
Evoke: Wand              |       |       |     5 ||     5
  Use: Scroll            |       |       |     4 ||     4
       Potion            |       |       |     3 ||     3
Armor: Leather armour    |     2 |    15 |     9 ||    26
       Ring mail         |       |       |    44 ||    44
Dodge: Dodged            |    12 |    36 |    87 ||   135

Table legend: (Time is in decaauts)
 A = Elapsed time spent in this place.
 B = Non-inter-level travel time spent in this place.
 C = Inter-level travel time spent in this place.
 D = Time resting spent in this place.
 E = Time spent auto-exploring this place.
 F = Levels seen in this place.
 G = Mean time per level.
                   A        B        C        D        E       F      G
               +--------+--------+--------+--------+--------+-----+--------+
         Total |   3920 |   3766 |    154 |    223 |   2900 |   5 |  784.0 |
       Dungeon |   3920 |   3766 |    154 |    223 |   2900 |   5 |  784.0 |
               +--------+--------+--------+--------+--------+-----+--------+

Top non-repeatable levels by time:
     D:4: 1152 daAuts
     D:5: 927 daAuts
     D:1: 847 daAuts
     D:2: 588 daAuts
     D:3: 404 daAuts
